Map: Rhoskallian LE

Players

Stormy

  • Race: Zerg Zerg
  • Spawn Location: 6:00

rtet

  • Race: Terran Terran
  • League: Platinum
  • Spawn Location: 5:00

qqq - Winner!

  • Race: Zerg Zerg
  • League: Platinum
  • Spawn Location: 12:00

Massa - Winner!

  • Race: Terran Terran
  • League: Gold
  • Spawn Location: 11:00

VOD

Have the link to the VOD?

Description

Time

  • Played on: May 26, 2020, 3:01 p.m.
  • Length: 14:11
Show
View Real Time Build Order
Export as new Build Order

Stormy Zerg 

Build Orders: Hatch First, Lurkers 

Get SALT Encoding   

  12  0:01  Drone  
  13  0:13  Overlord  
  13  0:20  Drone  
  14  0:31  Drone x2  
  16  0:51  Hatchery  
  16  0:55  Drone  
  16  0:57  Drone  
  16  1:03  Drone  
  18  1:12  Extractor  
  18  1:18  Spawning Pool  
  16  1:21  Drone  
  16  1:23  Drone  
  18  1:35  Drone  
  19  1:40  Drone  
  20  1:52  Drone  
  21  2:02  Drone  
  21  2:06  Drone, Queen x2  
  27  2:13  Overlord  
  27  2:16  Metabolic Boost  
  27  2:20  Drone  
  28  2:35  Zergling x2  
  28  2:36  Zergling x4  
  31  2:50  Baneling Nest  
  30  2:53  Spine Crawler  
  29  3:05  Drone x5  
  34  3:06  Spine Crawler  
  34  3:12  Queen  
  35  3:13  Overlord  
  35  3:27  Drone  
  36  3:34  Drone x7  
  43  3:46  Overlord  
  43  3:47  Drone  
  43  3:48  Drone, Spine Crawler  
  44  3:52  Baneling x6  
  44  3:54  Overlord  
  44  4:12  Zergling x8  
  44  4:13  Zergling x4  
  50  4:34  Hatchery  
  50  4:37  Drone  
  50  4:38  Drone x2  
  52  4:39  Drone x4  
  56  4:51  Extractor  
  55  5:04  Drone  
  55  5:05  Drone x4, Overlord  
  55  5:06  Overlord  
  60  5:14  Drone, Evolution Chamber x2  
  59  5:22  Lair  
  59  5:24  Pneumatized Carapace  
  59  5:47  Drone  
  59  5:48  Drone x6  
  59  5:49  Drone x3  
  69  5:51  Drone  
  69  5:52  Drone  
  71  5:57  Extractor  
  70  6:10  Zergling x10  
  70  6:11  Zergling x4  
  70  6:51  Zergling x2  
  70  6:52  Zergling x18  
  79  7:18  Overlord x2  
  79  7:19  Queen  
  79  7:21  Extractor  
  80  7:23  Extractor, Baneling x2  
  80  7:24  Baneling x13, Overlord  
  80  7:25  Overlord x3  
  80  7:26  Zergling x6  
  80  7:29  Overlord x3  
  69  7:54  Queen  
  69  7:57  Zergling x16  
  71  8:15  Spore Crawler  
  70  8:25  Zerg Missile Weapons Level 1, Zerg Ground Armor Level 1  
  70  8:30  Roach Warren  
  70  8:31  Zergling x20, Hydralisk Den  
  79  8:48  Zergling x2  
  79  8:49  Zergling x14  
  83  9:00  Zergling x2  
  83  9:01  Zergling x4  
  85  9:13  Baneling x7  
  85  9:15  Baneling  
  85  9:16  Baneling x7  
  81  9:24  Hydralisk x7  
  81  9:25  Hydralisk  
  94  9:38  Hydralisk  
  94  9:39  Hydralisk x3  
  85  9:55  Zergling x18  
  85  9:59  Zergling x2  
  78  10:01  Hydralisk  
  71  10:07  Hydralisk  
  61  10:20  Zergling x4  
  61  10:21  Zergling x6  
  51  10:33  Hydralisk  
  51  10:34  Hydralisk x4  
  55  10:47  Zergling x2  
  55  10:48  Zergling x2  
  54  10:57  Zergling x8  
  49  11:20  Hatchery  
  47  11:33  Lurker Den  
  47  11:34  Hydralisk x5  
  47  11:35  Hydralisk x3  
  62  11:57  Hydralisk  
  62  11:58  Hydralisk x5  
  73  12:19  Baneling x5  
  73  12:20  Baneling x4  
  73  12:34  Zergling x24  
  81  12:52  Lurker x4  
  83  13:05  Zergling x4  
  74  13:06  Zergling x20  
  64  13:31  Queen  
  60  13:41  Hydralisk x6  
Show
View Real Time Build Order
Export as new Build Order

rtet Terran 

Build Orders: Reaper Expand 

Get SALT Encoding   

  12  0:02  SCV  
  13  0:15  Supply Depot  
  13  0:18  SCV  
  14  0:30  SCV  
  15  0:38  Barracks  
  15  0:43  Refinery  
  15  0:47  SCV  
  16  0:59  SCV  
  17  1:11  SCV  
  18  1:23  SCV  
  19  1:27  Reaper  
  20  1:37  Command Center  
  20  1:44  SCV  
  21  1:51  Supply Depot  
  21  2:00  Marine  
  22  2:07  SCV, Factory  
  23  2:21  Orbital Command  
  23  2:23  Barracks Reactor  
  23  2:58  Refinery  
  23  3:03  Supply Depot x2  
  23  3:09  Hellion x2  
  23  3:10  Barracks Tech Lab  
  27  3:18  Starport, Barracks  
  27  3:24  SCV  
  28  3:36  SCV, Hellion x2  
  28  3:41  SCV  
  34  3:48  SCV  
  34  3:50  Stimpack  
  35  3:58  SCV  
  35  4:01  SCV  
  36  4:10  Barracks Reactor, SCV  
  36  4:13  SCV  
  38  4:18  Liberator  
  38  4:21  Hellion  
  38  4:22  SCV, Hellion  
  46  4:25  SCV  
  47  4:34  SCV  
  47  4:36  Supply Depot  
  47  4:37  SCV  
  49  4:40  Supply Depot  
  49  4:41  Marine  
  50  4:46  SCV  
  50  4:49  SCV, Marine  
  50  4:50  Marine  
  50  4:51  Widow Mine  
  56  4:58  SCV  
  57  5:01  Medivac  
  57  5:06  Orbital Command  
  59  5:10  SCV  
  60  5:22  SCV  
  60  5:25  Widow Mine  
  63  5:31  SCV  
  63  5:33  Refinery  
  64  5:41  Supply Depot  
  64  5:42  Supply Depot  
  64  5:43  SCV, Engineering Bay  
  64  5:44  Engineering Bay, Supply Depot x2  
  64  5:45  Marine x2, Supply Depot  
  64  5:47  Starport Reactor  
  67  5:56  SCV  
  63  6:16  Marine  
  63  6:17  Marine x2  
  66  6:19  Combat Shield  
  66  6:24  Widow Mine x2  
  70  6:34  Marine x2  
  70  6:35  Marine  
  73  6:50  Factory  
  73  6:52  Factory, Marine x3  
  72  7:10  Marine x3  
  71  7:28  Marine x3  
  74  7:30  Medivac x2  
  78  7:38  Barracks  
  78  7:40  Barracks  
  78  7:46  Marine x3  
  81  8:00  Medivac  
  81  8:03  Marine  
  81  8:04  Marine x2  
  86  8:21  Marine x3  
  89  8:39  Marine x3  
  75  8:52  Refinery  
  75  8:57  Factory Tech Lab x2, Marine x2  
  75  8:58  Marine  
  78  9:03  Barracks Reactor x2  
  78  9:05  Medivac x2  
  78  9:09  Terran Infantry Armor Level 1, Terran Infantry Weapons Level 1  
  82  9:10  Starport  
  82  9:11  Command Center  
  82  9:15  Armory, Marine x2  
  82  9:16  Marine  
  85  9:23  Siege Tank x2  
  90  9:32  Marine  
  90  9:33  Marine  
  90  9:34  Marine  
  91  9:50  Marine x2  
  91  9:51  Marine  
  91  9:52  Marine  
  83  9:55  Siege Tank x2  
  84  10:01  Marine  
  84  10:02  Marine x2  
  85  10:08  Marine x2  
  85  10:09  Marine  
  85  10:10  Marine  
  84  10:19  Marine  
  84  10:20  Marine x2  
  83  10:26  Marine x2  
  83  10:27  Marine x2, Siege Tank x2  
  91  10:37  Marine x3  
  87  10:44  Marine x2  
  87  10:45  Marine x2  
  85  10:55  Marine x3  
  87  10:59  Siege Tank x2  
  87  11:02  Marine x3  
  87  11:03  Marine, Medivac  
  94  11:12  Marine  
  94  11:13  Marine x2  
  97  11:19  Marine x2  
  97  11:20  Marine  
  97  11:21  Marine  
  101  11:30  Marine  
  101  11:31  Marine x2, Siege Tank  
  87  11:33  Siege Tank  
  87  11:37  Marine x2  
  87  11:38  Marine  
  87  11:39  Marine  
  94  11:41  Terran Vehicle Weapons Level 1  
  94  11:45  Starport Reactor  
  94  11:48  Marine  
  94  11:49  Marine x2  
  97  11:55  Marine x2  
  97  11:56  Marine  
  97  11:57  Marine  
  101  12:03  Siege Tank  
  101  12:06  Marine x3  
  94  12:13  Marine x2  
  94  12:14  Marine x2  
  98  12:24  Marine x3  
  98  12:27  Siege Tank  
  104  12:31  Marine x3  
  104  12:32  Marine  
  104  12:36  Siege Tank  
  111  12:42  Marine x3  
  113  12:48  Marine  
  113  12:49  Marine x2  
  113  12:50  Marine  
  117  12:59  Marine  
  117  13:00  Marine  
  117  13:02  Marine  
  112  13:06  Marine x2  
  112  13:07  Marine  
  112  13:08  Marine  
  110  13:17  Marine  
  110  13:18  Marine  
  104  13:20  Marine  
  104  13:24  Marine x2  
  104  13:25  Marine  
  104  13:26  Marine  
  98  13:35  Marine  
  98  13:36  Marine  
  98  13:38  Marine  
  76  13:42  Marine x2  
  76  13:43  Marine x2  
  70  13:53  Marine x2  
Show
View Real Time Build Order
Export as new Build Order

qqq Zerg - Winner!

Build Orders: 3 Hatch before Pool 

Get SALT Encoding   

  12  0:02  Drone  
  13  0:09  Drone  
  14  0:30  Overlord  
  14  0:50  Hatchery  
  13  0:58  Drone  
  13  0:59  Drone x2  
  16  1:17  Drone  
  17  1:32  Hatchery  
  16  1:41  Spawning Pool  
  16  1:45  Extractor, Drone  
  15  1:49  Drone  
  17  2:08  Drone x3  
  17  2:11  Drone  
  17  2:13  Drone  
  21  2:27  Queen  
  23  2:30  Zergling x4  
  23  2:31  Drone  
  26  2:41  Zergling x2  
  27  2:47  Metabolic Boost  
  27  3:00  Zergling x2  
  27  3:01  Drone x3  
  27  3:02  Drone x2  
  33  3:08  Drone  
  33  3:11  Overlord  
  34  3:26  Overlord x2  
  34  3:30  Drone x4  
  34  3:33  Queen  
  40  3:44  Drone  
  40  3:46  Drone x2, Roach Warren  
  43  3:48  Drone  
  43  3:51  Overlord  
  42  4:07  Drone x3  
  42  4:08  Drone  
  46  4:10  Zergling x6  
  46  4:12  Lair  
  46  4:15  Queen  
  46  4:16  Drone  
  52  4:19  Zergling x2  
  53  4:32  Overlord  
  53  4:37  Drone x3  
  56  4:39  Roach x2  
  60  4:46  Drone  
  60  4:48  Drone  
  60  4:49  Drone, Evolution Chamber  
  62  4:53  Drone  
  62  4:54  Drone  
  62  4:55  Roach  
  66  5:02  Drone, Extractor  
  66  5:05  Overlord  
  66  5:06  Roach x3  
  72  5:08  Drone  
  73  5:24  Drone x2  
  73  5:25  Overlord  
  75  5:37  Drone x2  
  75  5:38  Drone x2  
  75  5:39  Overlord  
  75  5:41  Hatchery, Overlord  
  75  5:42  Hatchery  
  77  5:52  Hatchery  
  77  5:56  Drone  
  77  5:57  Drone x2  
  77  5:58  Drone x3  
  77  6:01  Roach x2  
  77  6:02  Roach x2  
  90  6:04  Spine Crawler  
  90  6:07  Spine Crawler  
  86  6:16  Roach  
  86  6:17  Roach x3  
  90  6:23  Hatchery  
  87  6:39  Roach x2  
  90  6:40  Roach x5  
  97  6:50  Glial Reconstitution  
  97  7:00  Drone x2  
  97  7:01  Drone x2  
  101  7:07  Extractor  
  99  7:23  Drone x4  
  99  7:24  Drone, Overlord x5  
  99  7:25  Roach x2  
  99  7:26  Roach  
  102  7:45  Hatchery  
  88  7:55  Drone x3  
  88  7:56  Drone x5  
  88  7:57  Roach x4  
  88  7:58  Roach x2  
  102  8:03  Spine Crawler  
  101  8:06  Spore Crawler  
  101  8:08  Drone, Spore Crawler  
  101  8:09  Drone x6  
  102  8:12  Spore Crawler  
  102  8:14  Spine Crawler  
  102  8:19  Spore Crawler x2  
  98  8:20  Spine Crawler  
  98  8:21  Spore Crawler  
  96  8:30  Roach  
  96  8:31  Drone x4, Roach x4  
  96  8:32  Drone x4  
  114  8:42  Spore Crawler  
  114  8:43  Spore Crawler  
  112  8:53  Spine Crawler, Spore Crawler  
  112  8:54  Drone x2  
  112  8:55  Drone x5, Spine Crawler  
  116  8:57  Spine Crawler  
  116  9:01  Drone x2  
  116  9:02  Drone x3  
  120  9:04  Zerg Melee Weapons Level 1  
  122  9:10  Overlord x2, Roach x4  
  122  9:11  Infestation Pit  
  122  9:12  Roach  
  122  9:13  Zergling x6  
  124  9:51  Roach  
  124  9:52  Roach x5  
  134  9:53  Zergling x2, Roach x3  
  134  9:54  Drone x3, Zergling x8  
  134  9:55  Drone  
  149  10:01  Drone x3  
  148  10:10  Spore Crawler  
  148  10:11  Spine Crawler  
  148  10:13  Roach x2  
  142  10:31  Drone x4  
  142  10:32  Drone x3, Roach x3  
  142  10:33  Roach x4  
  111  10:49  Roach  
  111  10:50  Zergling x6, Roach x2  
  111  10:51  Zergling x12  
  111  10:56  Extractor  
  117  10:58  Zerg Ground Armor Level 1  
  115  11:06  Drone x4  
  115  11:07  Drone, Zergling x2, Roach x4  
  115  11:10  Extractor  
  120  11:13  Spore Crawler  
  120  11:14  Spine Crawler  
  120  11:15  Spine Crawler  
  113  11:19  Overlord, Roach  
  113  11:20  Roach x2  
  113  11:21  Drone  
  113  11:22  Zergling x8  
  122  11:27  Extractor  
  122  11:29  Extractor  
  120  11:45  Extractor, Drone x2  
  120  11:46  Drone x6  
  127  11:51  Zergling x2, Roach x4  
  127  11:52  Zergling x6  
  127  11:53  Zergling x10  
  106  12:10  Roach x2  
  106  12:11  Zergling x10  
  106  12:12  Zergling x8  
  119  12:19  Drone x3  
  119  12:20  Drone  
  119  12:21  Roach x3  
  119  12:22  Roach  
  130  12:27  Hive  
  130  12:28  Evolution Chamber  
  133  12:30  Roach x4  
  133  12:31  Roach x2  
  121  12:52  Spine Crawler  
  110  13:02  Roach x3  
  110  13:03  Roach x3  
  109  13:13  Zergling x6  
  109  13:14  Zergling x16  
  109  13:15  Zergling x2  
  113  13:25  Zergling x8  
  113  13:26  Zergling x4  
  113  13:27  Roach x4  
  119  13:37  Roach x2  
  119  13:38  Drone x5  
  128  13:47  Drone x2  
  130  13:48  Drone  
  130  13:49  Drone x4  
  130  13:50  Roach x2  
Show
View Real Time Build Order
Export as new Build Order

Massa Terran - Winner!

Build Orders:  

Get SALT Encoding   

  12  0:11  Supply Depot  
  12  0:13  SCV  
  13  0:25  SCV  
  14  0:34  Barracks  
  14  0:37  SCV  
  15  0:49  SCV  
  16  0:54  Barracks  
  16  1:01  SCV  
  17  1:09  Supply Depot  
  17  1:13  SCV  
  18  1:23  Marine  
  19  1:26  SCV  
  19  1:30  Refinery  
  20  1:41  Orbital Command, Marine  
  20  1:46  Marine  
  22  1:59  Marine  
  23  2:04  Marine  
  24  2:14  SCV  
  25  2:17  Marine  
  26  2:34  Command Center  
  26  2:41  Barracks Tech Lab  
  26  2:42  Marine  
  27  3:00  Marine  
  27  3:04  Marauder  
  30  3:06  SCV  
  31  3:29  Supply Depot  
  31  3:34  Engineering Bay  
  31  3:41  Factory  
  31  3:45  Marine  
  31  3:46  SCV, Marauder  
  35  3:51  Supply Depot  
  35  3:52  SCV  
  36  3:58  SCV  
  37  4:04  SCV  
  37  4:07  Marauder  
  40  4:10  SCV  
  40  4:11  Combat Shield  
  40  4:15  Supply Depot  
  40  4:16  Barracks Reactor  
  40  4:17  SCV  
  42  4:18  Missile Turret  
  42  4:22  SCV  
  43  4:27  Refinery  
  43  4:29  SCV  
  43  4:31  Factory Tech Lab  
  44  4:34  SCV  
  45  4:39  Missile Turret, Supply Depot  
  45  4:42  Refinery  
  45  4:52  SCV x2  
  47  5:04  SCV, Siege Tank  
  47  5:06  Orbital Command  
  51  5:12  Terran Infantry Weapons Level 1  
  51  5:16  SCV  
  51  5:18  Missile Turret  
  52  5:22  Marauder  
  52  5:23  Marine x2  
  52  5:28  SCV  
  57  5:39  Missile Turret  
  57  5:40  SCV, Marine  
  57  5:41  Marine  
  60  5:44  Marauder  
  60  5:48  Siege Tank  
  65  5:50  SCV  
  66  5:58  Marine x2  
  66  6:02  SCV, Missile Turret  
  69  6:05  Marauder  
  71  6:14  SCV  
  71  6:16  Marine x2  
  74  6:21  Barracks  
  74  6:25  Barracks  
  74  6:26  Marauder  
  74  6:27  Starport  
  76  6:34  Marine x2  
  78  6:56  Supply Depot  
  78  7:02  Missile Turret  
  78  7:16  Command Center  
  78  7:17  Marine x2  
  78  7:18  Barracks Reactor x2, SCV x2, Marauder, Supply Depot  
  84  7:23  Terran Infantry Armor Level 1, Missile Turret  
  84  7:27  Armory  
  84  7:30  SCV x2  
  84  7:36  Supply Depot  
  86  7:39  Missile Turret  
  86  7:40  Marauder  
  86  7:42  Supply Depot  
  88  8:00  Supply Depot  
  88  8:02  Marauder, Missile Turret  
  88  8:05  Supply Depot  
  90  8:15  Thor  
  90  8:18  SCV x2  
  98  8:24  Factory  
  98  8:28  Medivac  
  98  8:30  SCV  
  98  8:31  SCV  
  102  8:42  SCV  
  102  8:43  SCV  
  104  8:54  SCV  
  104  8:55  SCV  
  106  8:58  Medivac, Thor  
  114  9:06  SCV  
  114  9:07  SCV  
  116  9:28  Medivac  
  114  9:41  Factory Tech Lab  
  114  9:43  Marauder, Marine  
  114  9:44  Marine x5  
  97  10:01  Marine x6  
  97  10:02  Stimpack  
  97  10:04  Terran Infantry Armor Level 2, Marauder  
  105  10:07  Terran Vehicle And Ship Armor Level 1  
  94  10:15  SCV x2  
  94  10:19  Marine x6  
  82  10:26  Marauder, Command Center  
  82  10:27  SCV x2  
  84  10:33  Thor  
  90  10:37  Marine x6  
  90  10:39  SCV x2  
  98  10:43  Medivac  
  98  10:47  Marauder  
  100  10:51  SCV  
  100  10:54  Marine  
  100  10:55  Marine x5  
  96  11:08  Marauder  
  98  11:12  Marine, Medivac  
  98  11:13  Marine x3  
  98  11:14  Thor  
  110  11:34  Smart Servos  
  110  11:35  SCV  
  111  11:40  Planetary Fortress  
  111  11:41  Concussive Shells  
  111  11:50  Siege Tank  
  111  11:52  Marine  
  111  11:53  Marine x6, Command Center  
  121  11:58  Viking  
  123  12:02  SCV  
  123  12:03  SCV  
  125  12:10  Marine x4  
  125  12:11  Marine x3  
  125  12:14  SCV  
  125  12:15  SCV  
  134  12:17  Terran Vehicle Weapons Level 1  
  134  12:21  Engineering Bay  
  134  12:27  SCV x2  
  134  12:28  Marine x5  
  141  12:33  Supply Depot  
  141  12:46  Missile Turret  
  141  12:55  Marine x6, Supply Depot  
  147  13:07  Missile Turret  
  147  13:19  Supply Depot  
  144  13:28  Missile Turret  
  120  13:42  Supply Depot  
  120  13:44  Marauder, Marine  
  120  13:45  Marine x5  
  120  13:47  Hellbat  
  88  14:04  Supply Depot  
Tags
 
Add a new tag
Caveats
  • Supply blocks, unpowered buildings, or Contaminate may cause inaccurate times.
  • Supply counts are checked every 10 seconds.